 Dungeon Crawl Stone Soup version 0.31-a0-1447-g87ca8d402b (webtiles) character file.

Game seed: 15417189090047835852

3034878 Sundig the Slayer (level 27, 317/317 HPs)
             Began as a Demonspawn Fighter on Dec 27, 2023.
             Was the Champion of Qazlal.
             Escaped with the Orb
             ... and 5 runes on Dec 28, 2023!
             The game lasted 03:25:32 (80992 turns).

Sundig the Slayer (Demonspawn Fighter)             Turns: 80992, Time: 03:25:33

Health: 317/317    AC: 37    Str: 33    XL:     27
Magic:  20/20      EV: 20    Int: 13    God:    Qazlal [******]
Gold:   3235       SH: 34    Dex: 13    Spells: 26/26 levels left

rFire   + . .        N - +11 broad axe of Execution {vamp, +Blink rElec Int+3}
rCold   + . .        S - +3 warlock's mirror {omnireflect}
rNeg    + . .        A - melded +8 chain mail of the Equinox {rF++ rC+ rCorr Dex-4}
rPois   ∞            (helmet unavailable)
rElec   +            X - +2 cloak {rCorr}
rCorr   +            F - melded +1 pair of gloves {infuse}
SInv    +            E - melded +2 pair of boots {rampage}
Will    ++++.        Y - amulet of reflection
Stlth   +            O - ring of Ezezumad {Will+ rCorr Str+4 SInv}
HPRegen 0.72/turn    J - ring of the Harvest {rF+ rC+}
MPRegen 0.17/turn

%: repel missiles, reflection
@: statue-form, studying 4 skills, very slow
A: slow and powerful, torment resistance 1, boosted hp, horns 3, large bone
plates 3, powered by death 3, demonic magic 3, corrupting presence 2, word of
chaos, low MP 1, strong-willed 1, sense surroundings 1, subdued magic 1
0: Orb of Zot
}: 5/15 runes: decaying, slimy, silver, abyssal, gossamer
a: Word of Chaos, Begin Untransformation, Renounce Religion, Evoke Blink,
Upheaval, Elemental Force, Disaster Area


You escaped.
You worshipped Qazlal.
Qazlal was exalted by your worship.
You were a living statue of rough stone.
You visited 14 branches of the dungeon, and saw 58 of its levels.
You visited the Abyss 1 time.
You visited 1 bazaar.
You visited 1 ziggurat, and saw 13 of its levels.
You also visited: Gauntlet and Desolation.

You collected 30108 gold pieces.
You spent 12635 gold pieces at shops.
You paid 14238 gold pieces to Gozag.

Inventory:

Hand Weapons
 b - a +9 heavy broad axe
 d - a +5 antimagic broad axe
 v - a +9 broad axe of flaming
 B - a +9 broad axe of freezing
 N - the +11 broad axe of Execution (weapon) {vamp, +Blink rElec Int+3}
   (You acquired it on level 12 of a ziggurat)

   Int+3:     It affects your intelligence (+3).
   rElec:     It insulates you from electricity.
   +Blink:    It lets you blink.
Missiles
 c - 22 curare-tipped darts (quivered)
Armour
 A - the +8 chain mail of the Equinox (melded) {rF++ rC+ rCorr Dex-4}
   (You bought it in a shop on level 7 of the Dungeon)

   Dex-4:     It affects your dexterity (-4).
   rF++:      It greatly protects you from fire.
   rC+:       It protects you from cold.
   rCorr:     It protects you from acid and corrosion.
 E - a +2 pair of boots of rampaging (melded)
 F - a +1 pair of gloves of infusion (melded)
 R - a +0 tower shield
 S - the +3 warlock's mirror (worn) {omnireflect}
   (You bought it in a shop on level 2 of the Elven Halls)

   Omnireflect: It can block and reflect piercing ranged attacks and magical
   attacks against the wielder's willpower.
 X - a +2 cloak of preservation (worn)
Jewellery
 r - the ring "Wiemueck" {Fly rElec rF++}
   (You found it on level 3 of the Elven Halls)

   [ring of flight]

   rF++:      It greatly protects you from fire.
   rElec:     It insulates you from electricity.
   Fly:       It grants you flight.
 x - the ring of the Silly Cherry {rPois rN+ Will+ Str+6 Slay+2}
   (You bought it in a shop in a bazaar)

   [ring of strength]

   Str+6:     It affects your strength (+6).
   Slay+2:    It affects your accuracy & damage with ranged weapons and melee
   (+2).
   rPois:     It protects you from poison rN+: It protects you from negative
   energy.
   Will+:     It increases your willpower.
 J - the ring of the Harvest (right fist) {rF+ rC+}
   (You found it on level 4 of a ziggurat)

   [ring of protection from fire]

   rF+:       It protects you from fire.
   rC+:       It protects you from cold.
 O - the ring of Ezezumad (left fist) {Will+ rCorr Str+4 SInv}
   (You bought it in a shop on level 10 of the Dungeon)

   [ring of willpower]

   Str+4:     It affects your strength (+4).
   Will+:     It increases your willpower.
   SInv:      It lets you see invisible.
   rCorr:     It protects you from acid and corrosion.
 Y - an amulet of reflection (around neck)
 Z - the ring "Nesecw" {rElec rF+ Str+4 Dex+6}
   (You found it in the Desolation of Salt)

   [ring of dexterity]

   Str+4:     It affects your strength (+4).
   Dex+6:     It affects your dexterity (+6).
   rF+:       It protects you from fire.
   rElec:     It insulates you from electricity.
Talismans
 t - a granite talisman (active)
Wands
 q - a wand of digging (6)
 I - a wand of iceblast (79)
 K - a wand of mindburst (28)
 L - a wand of light (81)
Scrolls
 a - 13 scrolls of teleportation
 f - 4 scrolls of silence
 g - 2 scrolls of summoning
 i - 3 scrolls of blinking
 n - 7 scrolls of revelation
 u - 10 scrolls of enchant armour
 w - 11 scrolls of poison
 y - 14 scrolls of immolation
 C - 4 scrolls of brand weapon
Potions
 e - 34 potions of curing
 j - 10 potions of enlightenment
 k - 9 potions of might
 m - 11 potions of mutation
 o - 7 potions of berserk rage
 p - 3 potions of cancellation
 s - 13 potions of lignification
 G - 13 potions of ambrosia
 H - 7 potions of attraction
 M - 4 potions of resistance
 P - 7 potions of magic
 Q - 9 potions of haste
 U - 11 potions of heal wounds
 V - 4 potions of invisibility
Miscellaneous
 h - a phantom mirror (inert)
 z - a phial of floods
 D - the horn of Geryon (inert)
 T - a lightning rod (4/4)
 W - a sack of spiders (inert)


   Skills:
 * Level 25.9 Fighting
 * Level 25.2 Axes
 + Level 19.9 Armour
 + Level 17.7 Dodging
 * Level 25.5 Shields
 + Level 19.0 Evocations
 * Level 21.2 Shapeshifting


You had 26 spell levels left.
You didn't know any spells.
Your spell library contained the following spells:

 Spells                   Type           Power      Damage    Failure   Level
 Apportation              Tloc           0%         N/A       26%         1
 Freeze                   Ice            0%         1d3       26%         1
 Magic Dart               Conj           0%         1d3       26%         1
 Necrotise                Necr           0%         1d4       26%         1
 Sandblast                Erth           0%         2d4       26%         1
 Slow                     Hex            0%         N/A       26%         1
 Sting                    Conj/Alch      0%         1d3       26%         1
 Summon Small Mammal      Summ           0%         N/A       26%         1
 Blink                    Tloc           0%         N/A       38%         2
 Call Imp                 Summ           0%         N/A       38%         2
 Cigotuvi's Dreadful Rot  Necr/Alch/Air  0%         N/A       38%         2
 Ensorcelled Hibernation  Hex/Ice        0%         N/A       38%         2
 Lesser Beckoning         Tloc           0%         N/A       38%         2
 Momentum Strike          Conj/Tloc      0%         3d8       38%         2
 Scorch                   Fire           0%         2d5       38%         2
 Searing Ray              Conj           0%         2d4       38%         2
 Static Discharge         Conj/Air       0%         3-3/arc   38%         2
 Call Canine Familiar     Summ           0%         N/A       63%         3
 Confusing Touch          Hex            0%         N/A       63%         3
 Dazzling Flash           Conj/Hex       0%         N/A       63%         3
 Frozen Ramparts          Ice            0%         1d1       63%         3
 Fugue of the Fallen      Necr           0%         N/A       63%         3
 Gell's Gravitas          Tloc           0%         N/A       63%         3
 Hailstorm                Conj/Ice       0%         3d5       63%         3
 Mephitic Cloud           Conj/Alch/Air  0%         N/A       63%         3
 Ozocubu's Armour         Ice            0%         N/A       63%         3
 Passwall                 Erth           0%         N/A       63%         3
 Sigil of Binding         Hex            0%         N/A       63%         3
 Stone Arrow              Conj/Erth      0%         3d7       63%         3
 Summon Ice Beast         Ice/Summ       0%         N/A       63%         3
 Teleport Other           Tloc           0%         N/A       63%         3
 Tukima's Dance           Hex            0%         N/A       63%         3
 Vampiric Draining        Necr           0%         2d6       63%         3
 Volatile Blastmotes      Fire/Tloc      0%         2d10      63%         3
 Airstrike                Air            0%         2d(0-16)  96%         4
 Anguish                  Hex/Necr       0%         N/A       96%         4
 Animate Armour           Summ/Erth      0%         N/A       96%         4
 Animate Dead             Necr           0%         N/A       96%         4
 Brom's Barrelling Bould  Conj/Erth      0%         2d3       96%         4
 Cause Fear               Hex            0%         N/A       96%         4
 Dimensional Bullseye     Hex/Tloc       0%         N/A       96%         4
 Dispel Undead            Necr           0%         3d6       96%         4
 Flame Wave               Conj/Fire      0%         2d4       96%         4
 Fulminant Prism          Conj/Alch      0%         3d5       96%         4
 Ignite Poison            Fire/Alch      0%         N/A       96%         4
 Iskenderun's Mystic Bla  Conj/Tloc      0%         2d3       96%         4
 Leda's Liquefaction      Alch/Erth      0%         N/A       96%         4
 Martyr's Knell           Necr/Summ      0%         N/A       96%         4
 Olgreb's Toxic Radiance  Alch           0%         N/A       96%         4
 Petrify                  Alch/Erth      0%         N/A       96%         4
 Sticky Flame             Fire/Alch      0%         2d4       96%         4
 Summon Blazeheart Golem  Fire/Summ      0%         N/A       96%         4
 Summon Lightning Spire   Summ/Air       0%         N/A       96%         4
 Vhi's Electric Charge    Tloc/Air       0%         N/A       96%         4
 Alistair's Intoxication  Alch           0%         N/A       100%        5
 Arcjolt                  Conj/Air       0%         1d10      100%        5
 Curse of Agony           Necr           0%         N/A       100%        5
 Fireball                 Conj/Fire      0%         3d3       100%        5
 Irradiate                Conj/Alch      0%         3d11      100%        5
 Iskenderun's Battlesphe  Conj           0%         2d6       100%        5
 Lee's Rapid Deconstruct  Erth           0%         3d4*      100%        5
 Metabolic Englaciation   Hex/Ice        0%         N/A       100%        5
 Silence                  Hex/Air        0%         N/A       100%        5
 Summon Forest            Summ/Tloc      0%         N/A       100%        5
 Summon Mana Viper        Hex/Summ       0%         N/A       100%        5
 Yara's Violent Unravell  Hex/Alch       0%         3d3       100%        5
 Bombard                  Conj/Erth      0%         9d1       100%        6
 Death Channel            Necr           0%         N/A       100%        6
 Dispersal                Tloc           0%         N/A       100%        6
 Eringya's Noxious Bog    Alch           0%         4d6       100%        6
 Sculpt Simulacrum        Ice/Alch       0%         N/A       100%        6
 Summon Cactus Giant      Summ           0%         N/A       100%        6
 Enfeeble                 Hex            0%         N/A       100%        7
 Haunt                    Necr/Summ      0%         N/A       100%        7
 Malign Gateway           Summ/Tloc      0%         N/A       100%        7
 Monstrous Menagerie      Summ           0%         N/A       100%        7
 Ozocubu's Refrigeration  Ice            0%         4d7       100%        7
 Spellforged Servitor     Conj/Summ      0%         N/A       100%        7
 Summon Hydra             Summ           0%         N/A       100%        7
 Borgnjor's Revivificati  Necr           0%         N/A       100%        8
 Discord                  Hex            0%         N/A       100%        8
 Ignition                 Fire           0%         3d3       100%        8
 Infestation              Necr           0%         N/A       100%        8
 Maxwell's Capacitive Co  Air            0%         ∞         100%        8
 Chain Lightning          Conj/Air       0%         N/A       100%        9
 Death's Door             Necr           0%         N/A       100%        9
 Dragon's Call            Summ           0%         N/A       100%        9
 Polar Vortex             Ice            0%         N/A       100%        9
 Sublimation of Blood     Necr           Unusable   N/A       N/A         2

Dungeon Overview and Level Annotations

Branches:
Dungeon (15/15)            Temple (1/1) D:4            Lair (5/5) D:10
  Swamp (4/4) Lair:2       Spider (4/4) Lair:3        Slime (5/5) Lair:5
    Orc (2/2) D:12            Elf (3/3) Orc:2        Vaults (5/5) D:13
  Crypt (3/3) Vaults:2       Tomb (1/3) Crypt:3      Depths (4/4) D:15
   Hell (visited)             Dis (0/7) Hell            Geh (0/7) Hell
    Coc (0/7) Hell            Tar (0/7) Hell            Zot (5/5) Depths:4
Desolation (visited)      Gauntlet (visited)

Altars:
Ashenzari
Cheibriados
Dithmenos
Fedhas
Gozag
Hepliaklqana
Kikubaaqudgha
Makhleb
Nemelex Xobeh
Okawaru
Qazlal
Ru
Sif Muna
Trog
Uskayaw
Vehumet
Wu Jian
Xom
Yredelemnul
Jiyva
Lugonu

Shops:
D:4 [   D:5 *   D:7 [   D:10 =   Orc:2 :=*?   Elf:2 *[[   Elf:3 [   Lair:3 [?:(
Vaults:1 *   Vaults:2 (   Vaults:5 [   Zot:3 *   Depths:4 :=!

Portals:
Hell: Depths:1 Depths:2 Depths:3 Depths:4
Abyss: Lair:5 Depths:2 Depths:3 Depths:4
Pandemonium: Depths:2 Depths:4


Innate Abilities, Weirdness & Mutations

You are a living statue of rough stone.
Your actions are slow, but your melee attacks are powerful.
You are resistant to unholy torment.
Your maximum health is greatly increased.
Your equipment is partially melded.
You are immune to poison.
You have a pair of large horns on your head.
You are completely covered in large bone plates. (SH +8)
You regenerate a lot of health from kills.
Spells you cast and wands you use may paralyse nearby enemies.
Your presence sometimes corrodes or deforms those you injure.
You can speak a Word of Chaos.
Your magical capacity is low. (-10% MP)
You are strong-willed. (Will+)
You passively map a small area around you.
Your spells are a little easier to cast, but a little less powerful.


Message History

There is an open door here.
You feel less protected from fire.
A chaos spawn comes into view.
There is an open door here.
As you read the scroll of teleportation, it crumbles to dust.
You feel strangely unstable.
You feel the Orb delaying your translocation!
You close the door.
You start waiting.
A chaos spawn opens the door.
Things that are here:
a +0 robe; a +2 whip of flaming
There is a stone staircase leading down, spattered with blood here.
You barely miss the chaos spawn. You block the chaos spawn's attack.
You slash the chaos spawn! You headbutt the chaos spawn!
You kill the chaos spawn!
Qazlal accepts your kill.
The chaos spawn degenerates into a cloud of primal chaos!
Your surroundings suddenly seem different.
A lorocyproca comes into view.
There is a stone staircase leading up here.
You block the lorocyproca's attack.
You climb upwards.
There is a stone staircase leading down here.
There is a stone staircase leading up here.
You climb upwards.
There is a stone staircase leading down here.
There is a stone staircase leading down here.
Aiming: Dig
Press: ? - help, Q - select action, (/) - cycle Shift-Dir - straight line You can't see that place. [the floor.]
The rock shatters into small pieces.
Malevolent energies surge around you.
Aiming: Dig
Press: ? - help, Q - select action, (/) - cycle Shift-Dir - straight line A rock wall.
This square is covered in magical glow.
The rock shatters into small pieces.
Malevolent energies surge around you.
There is a staircase leading out of the dungeon here.
You have escaped!

###..#'#.###...>...#....##
######
.(#[.#.#..##.......'....#
#.####.#####..#'#..#....#
#.####.########.#######'##
#........................##
########.###########.##...##
# ## ###'### #....#.##....##
## .##
##.....####.#..#.##.....####.
..#
#...........8°§'.##.....'....
.##
#..###..###.#§.####.....####.
## ##.....## #....# #....##
## # ###....### #######
##...## # ###..#####.# #.##
#...## #...## #.## ##.# ##'##
#.### ##.###.## ###.#######
#.# ##.#.#######.........#
#.# ##........[.#.#####.###


There were no monsters in sight!

Vanquished Creatures
  the Royal Jelly (Slime:5)
  A seraph (Depths:1)
  3 orbs of fire (Zot:5)
  8 dread liches
  5 ancient liches
  A juggernaut (Depths:3)
  Sojobo (Depths:2)
  A royal mummy (Tomb:1)
  11 Killer Klowns
  Bai Suzhen (Crypt:2)
  the Lernaean hydra (Swamp:4)
  Margery (Vaults:3)
  A caustic shrike (Depths:3)
  Norris (Vaults:4)
  11 golden dragons
  11 bone dragons
  A profane servitor (Abyss:3)
  3 electric golems
  3 hellephants
  A Brimstone Fiend (D:7)
  Rupert (D:15)
  A Hell Sentinel (Abyss:2)
  2 Ice Fiends
  26 Orb Guardians
  20 tentacled monstrosities
  14 liches
  2 deep elf blademasters (Elf:3)
  Mlioglotl (Swamp:3)
  2 shard shrike skeletons (Abyss:3)
  6 quicksilver dragons
  21 acid blobs
  Murray (Depths:4)
  A kraken (Abyss:3)
  3 deep elf master archers
  13 sphinxes
  5 titans (Vaults:5)
  8 death cobs
  33 tentacled starspawn
  4 Executioners
  11 ancient champions
  2 thorn hunters
  7 tengu reavers
  10 shadow dragons
  Aizul (Spider:2)
  2 draconian monks
  A fenstrider witch (shapeshifter) (Zig:8)
  15 storm dragons
  7 azure jellies
  6 revenants
  7 fire giants
  12 rockslimes
  A fenstrider witch (Swamp:4)
  8 protean progenitors
  9 frost giants
  6 draconian knights
  2 daevas (Abyss:2)
  6 deep elf sorcerers
  10 emperor scorpions
  3 draconian shifters
  3 iron dragons
  3 balrugs
  7 ghost moths
  5 draconian scorchers
  7 ghouls
  2 caustic shrike zombies
  Louise (Swamp:3)
  21 vault wardens
  2 juggernaut zombies (Abyss:2)
  8 deep elf elementalists
  5 draconian stormcallers
  A spriggan defender (Depths:3)
  An imperial myrmidon (Desolation)
  7 orc warlords
  4 curse skulls
  6 cacodemons
  6 draconian annihilators
  6 reapers
  11 quicksilver oozes
  5 broodmothers
  9 ironbound thunderhulks
  15 stone giants
  8 green draconians
  2 caustic shrike skeletons (Crypt:3)
  10 formless jellyfish
  18 vampire knights
  8 black draconians
  15 deep elf death magi
  8 deep elf demonologists
  12 ironbound preservers
  47 very ugly things
  3 eleionomae
  2 war gargoyles (Hell)
  7 deep elf annihilators
  2 halazid warlocks (Desolation)
  11 red draconians
  An ophan (Abyss:2)
  14 white draconians
  10 dire elephants
  4 bunyips
  5 lorocyprocas
  14 purple draconians
  21 yellow draconians
  9 spark wasps
  A minotaur (Gauntlet)
  A merfolk javelineer (Zig:10)
  11 eidola
  Snorg (D:14)
  5 green deaths
  4 crystal guardians
  Josephine (D:14)
  A merfolk impaler (Zig:10)
  12 ettins
  7 entropy weavers
  5 fire dragons
  4 blizzard demons
  3 deep elf high priests
  7 mummy priests (Tomb:1)
  22 jiangshi
  2 spriggan zombies (Depths:2)
  An entropy weaver (shapeshifter) (Abyss:3)
  32 vault guards
  4 shambling mangroves
  4 ragged hierophants (Desolation)
  18 hydras
  17 yaktaur captains
  A caustic shrike simulacrum (Abyss:1)
  A quicksilver dragon skeleton (Crypt:3)
  8 spriggan skeletons
  Fannar (Lair:2)
  5 spriggan air magi
  9 ironbound frosthearts
  14 rakshasas
  6 ice dragons
  12 great orbs of eyes
  3 servants of whispers (Desolation)
  3 ghost crabs
  4 jorogumos
  Erolcha (D:10)
  A hell beast (Zot:1)
  2 merfolk aquamancers (Zig:10)
  An ice dragon (shapeshifter) (Vaults:5)
  15 alligators
  3 anacondas (Zot:2)
  2 sphinx zombies
  A merfolk avatar (Zig:10)
  7 peacekeepers
  A fenstrider witch skeleton (Tomb:1)
  A juggernaut simulacrum (Abyss:1)
  3 ogre magi
  A catoblepas (Lair:5)
  3 radroaches
  6 centaur warriors
  3 death knights
  6 tengu warriors
  9 two-headed ogres
  10 death yaks
  A titan zombie (Depths:2)
  13 deep troll earth magi
  12 death scarabs
  6 deep troll shamans
  27 hell hogs
  16 boulder beetles
  14 demonic crawlers
  2 sphinx skeletons (Depths:2)
  63 thrashing horrors
  30 dancing weapons
  6 spriggan berserkers
  3 occultists
  14 deep elf knights
  7 orc high priests
  32 hell knights
  17 vampire magi
  15 sun demons
  3 storm dragon zombies
  6 soul eaters
  7 titan skeletons (Crypt:3)
  26 skeletal warriors
  53 wretched stars
  2 fire crabs (Abyss:3)
  14 sixfirhies
  4 shadow wraiths (Crypt:2)
  10 pharaoh ants
  6 skysharks
  4 goliath frogs
  2 bunyip zombies
  8 iron trolls
  A deep troll (shapeshifter) (Depths:3)
  41 deep trolls
  5 spatial maelstroms
  3 spriggan druids
  An elf simulacrum (Crypt:2)
  A sun moth (Spider:2)
  A sea snake (Zig:10)
  2 spark wasp zombies (Depths:3)
  2 sun moths (shapeshifter)
  An anaconda zombie (Abyss:2)
  10 bog bodies
  17 glowing orange brains
  17 flayed ghosts
  13 swamp dragons
  An orb spider (shapeshifter) (Vaults:5)
  4 shadow demons
  A death drake (Abyss:3)
  3 bunyip skeletons
  5 harpies (Vaults:3)
  13 orb spiders
  10 phantasmal warriors
  11 lindwurms
  A golden dragon skeleton (Depths:1)
  33 deep elf pyromancers
  An anaconda skeleton (Abyss:3)
  An iron giant skeleton (Crypt:2)
  2 shadow dragon zombies
  18 orc knights
  A mana viper (Abyss:1)
  A lindwurm (shapeshifter) (Depths:3)
  10 deep elf archers
  12 steelbarb worms
  23 ironbound convokers
  6 arcanists
  Pikel (D:3)
  23 deep elf zephyrmancers
  24 necromancers
  3 fire giant zombies
  9 manticores
  2 salamanders (Depths:4)
  8 orc sorcerers
  27 wolf spiders
  70 ugly things
  8 shining eyes
  A faun (shapeshifter) (Depths:3)
  A stone giant zombie (Depths:2)
  2 meliai (shapeshifter)
  11 will-o-the-wisps
  11 cyclopes
  A salamander (shapeshifter) (Abyss:1)
  2 shadow dragon skeletons
  3 elf zombies
  A centaur zombie (Abyss:1)
  A stone giant skeleton (Crypt:2)
  17 worldbinders
  2 fire giant skeletons
  9 meliai (Spider:4)
  19 moths of wrath
  5 kobold blastminers
  6 guardian serpents
  11 rust devils
  A black mamba (shapeshifter) (D:13)
  A merfolk siren (Zig:10)
  3 eyes of devastation (shapeshifter)
  7 elephants
  2 molten gargoyles (Hell)
  4 black mambas
  2 water nymphs (Zig:10)
  4 gargoyles
  49 smoke demons
  A frost giant skeleton (Crypt:3)
  14 orange demons
  A centaur skeleton (Crypt:3)
  17 vault sentinels
  10 apocalypse crabs
  7 eyes of devastation
  4 torpor snails
  A death yak zombie (Crypt:1)
  An alligator snapping turtle zombie (Abyss:2)
  6 cane toads
  6 hellions
  4 kobold demonologists
  82 large abominations
  6 unseen horrors
  34 yaktaurs
  3 rime drakes
  2 alligator snapping turtle skeletons
  A dire elephant skeleton (Crypt:1)
  A red devil (Abyss:1)
  6 tormentors
  2 anaconda simulacra
  4 ice devils
  16 efreet
  4 tengu conjurers (Depths:3)
  A white draconian zombie (Crypt:3)
  40 ancient zymes
  5 guardian mummies (Tomb:1)
  8 komodo dragons
  A red draconian skeleton (Crypt:3)
  A wind drake (Zig:10)
  4 polar bears
  A purple draconian skeleton (Crypt:2)
  3 silent spectres
  6 freezing wraiths
  A green draconian skeleton (Crypt:1)
  7 tyrant leeches
  A bloated husk (Swamp:4)
  4 harpy zombies
  14 hellwings
  8 trolls
  2 hydra zombies
  2 merfolk (Zig:10)
  30 hornets
  36 tarantellas
  A blink frog (shapeshifter) (Abyss:3)
  A tengu simulacrum (Vaults:5)
  33 saltlings (Desolation)
  7 harpy skeletons
  A snapping turtle (Zig:10)
  2 hornets (shapeshifter)
  A hydra skeleton (Crypt:3)
  91 raiju
  A stone giant simulacrum (Depths:1)
  6 glass eyes
  10 dream sheep (Lair:5)
  A dream sheep (shapeshifter) (Depths:3)
  3 ettin zombies
  21 blink frogs
  124 slime creatures
  A black mamba zombie (Crypt:1)
  25 jumping spiders
  A spriggan (shapeshifter) (Lair:5)
  4 vampires
  A shadow (Abyss:1)
  28 culicivoras
  2 air elementals (Elf:1)
  2 centaur simulacra
  An ettin skeleton (Crypt:3)
  5 wyverns
  8 ushabtiu (Tomb:1)
  11 fire bats
  13 spriggans
  3 water elementals
  17 wraiths
  52 yaks
  29 ynoxinuls
  3 fire elementals
  A human (shapeshifter) (D:15)
  A black mamba skeleton (Crypt:1)
  2 hogs (shapeshifter) (Abyss:1)
  4 wargs
  26 neqoxecs
  A fire bat (shapeshifter) (Abyss:1)
  28 golden eyes
  A golden eye (shapeshifter) (D:14)
  172 starcursed masses
  8 basilisks
  93 redbacks
  25 chaos spawn
  2 harpy simulacra
  16 vampire mosquitoes
  Edmund (D:3)
  17 swamp worms
  3 spatial vortices
  3 naga zombies
  10 hell hounds
  Duvessa (D:7)
  A glowing shapeshifter skeleton (Vaults:5)
  9 water moccasins
  An entropy weaver zombie (Crypt:1)
  5 naga skeletons
  An acid dragon (D:14)
  A sky beast (shapeshifter) (Abyss:3)
  16 ogres
  9 ice beasts
  46 orc warriors
  3 spriggan simulacra
  A black bear (Lair:2)
  10 swamp drakes
  48 laughing skulls
  8 centaurs
  A lindwurm zombie (Crypt:3)
  19 wolves
  A centaur (shapeshifter) (D:15)
  A phantom (D:4)
  7 kobold brigands
  A human zombie (Vaults:4)
  15 bullfrogs
  16 weeping skulls
  2 gnoll sergeants
  A salamander zombie (Crypt:1)
  Blork the orc (D:4)
  9 brain worms
  2 earth elementals
  4 necrophages
  3 human skeletons
  2 glowing shapeshifter simulacra
  5 scorpions
  96 small abominations
  A water moccasin zombie (Crypt:3)
  A wyvern skeleton (Crypt:3)
  27 wights
  Dowan (D:7)
  16 killer bees
  A vampire bat (Abyss:1)
  4 howler monkeys
  A tengu skeleton (Depths:1)
  5 electric eels
  4 bombardier beetles
  A crimson imp (Abyss:3)
  4 jellies
  9 hounds
  29 quasits
  Crazy Yiuf (D:4)
  A black bear skeleton (Crypt:3)
  11 iron imps
  25 orc priests
  A gnoll bouda (D:6)
  3 sleepcaps
  7 iguanas
  20 orc wizards
  7 hell rats
  An ogre zombie (Crypt:3)
  An acid dragon skeleton (Crypt:3)
  13 mummies (Tomb:1)
  9 adders
  12 gnolls
  7 river rats (Lair:4)
  A steam dragon skeleton (Crypt:2)
  2 shadow imps
  17 white imps
  18 ufetubi
  A worm zombie (Crypt:3)
  A worm (D:3)
  2 dart slugs
  83 orcs
  4 bats
  7 endoplasms
  4 giant cockroaches
  6 hobgoblins
  28 kobolds
  7 quokkas
  6 ball pythons
  A dart slug zombie (Crypt:1)
  6 frilled lizards
  6 goblins
  A jackal skeleton (Crypt:1)
  9 rats
  2 aspiring fleshes
  6 lurking horrors
  33 starspawn tentacles
  2 tentacles (Abyss:3)
4228 creatures vanquished.

Vanquished Creatures (collateral kills)
  Geryon (Hell)
  An acid blob (Slime:5)
  Roxanne (D:14)
  Agnes (Elf:1)
  A rockslime (Slime:5)
  2 quicksilver oozes (Slime:5)
  A deep elf death mage (Vaults:3)
  A bunyip (Swamp:3)
  An eidolon (Zig:12)
  An ettin (Orc:2)
  A goliath frog (Swamp:3)
  An ironbound convoker (Vaults:3)
  A smoke demon (Hell)
  2 hellions
  A yaktaur (Vaults:3)
  A tyrant leech (Swamp:3)
  2 slime creatures
  A wraith (D:14)
  A golden eye (shapeshifter) (Elf:1)
22 creatures vanquished.

Vanquished Creatures (others)
  A Killer Klown (Zot:5)
  A fenstrider witch (Zig:6)
  A lorocyproca (Hell)
  A vault guard (Vaults:5)
  A vampire mage (Depths:3)
  A hell hog (Hell)
  A salamander mystic (Depths:4)
  An orb spider (Spider:1)
  An arcanist (Vaults:2)
  2 large abominations
  A deep elf zephyrmancer (Elf:1)
  A will-o-the-wisp (Zig:4)
  A smoke demon (Hell)
  A black draconian skeleton (Crypt:2)
  3 bloated husks
  2 blink frogs (Abyss:3)
  A slime creature (Slime:2)
  6 fire bats (Abyss:3)
  A small abomination (Abyss:3)
  2 chaos spawn (Abyss:3)
  A swamp worm (Swamp:2)
  A komodo dragon zombie (Crypt:2)
  A rime drake skeleton (Crypt:2)
  2 hell rats (Hell)
  2 ufetubi
  35 foxfires
  5 lurking horrors
  55 starspawn tentacles
  2 tentacles (Abyss:3)
134 creatures vanquished.

Grand Total: 4384 creatures vanquished

Notes
Turn   | Place    | Note
-------+----------+-------------------------------------------
     0 | D:1      | Sundig the Demonspawn Fighter began the quest for the Orb.
     0 | D:1      | Reached XP level 1. HP: 18/18 MP: 1/1
   293 | D:1      | Gained mutation: You regenerate a little health from kills.
                  | [demonic ancestry]
   293 | D:1      | Reached XP level 2. HP: 24/24 MP: 2/2
  1061 | D:2      | Gained mutation: You have a pair of small horns on your
                  | head. [demonic ancestry]
  1061 | D:2      | Reached XP level 3. HP: 21/29 MP: 3/3
  1207 | D:2      | Found a faded altar of an unknown god.
  1797 | D:3      | Reached skill level 1 in Dodging
  2100 | D:3      | Reached XP level 4. HP: 35/35 MP: 4/4
  2576 | D:4      | Reached skill level 1 in Evocations
  2620 | D:4      | Noticed a phantom
  2630 | D:4      | Killed a phantom
  2631 | D:4      | Gained mutation: You have a pair of horns on your head.
                  | [demonic ancestry]
  2631 | D:4      | Reached XP level 5. HP: 31/42 MP: 5/5
  2673 | D:4      | Reached skill level 1 in Shapeshifting
  2712 | D:4      | Noticed Edmund
  2715 | D:4      | Noticed an ogre
  2729 | D:3      | Killed Edmund
  2730 | D:3      | Gained mutation: You are partially covered in large bone
                  | plates. (SH +4) [demonic ancestry]
  2730 | D:3      | Reached XP level 6. HP: 8/48 MP: 6/6
  3062 | D:4      | Found a staircase to the Ecumenical Temple.
  3077 | Temple   | Entered the Ecumenical Temple
  3085 | Temple   | Became a worshipper of Gozag Ym Sagoz the Greedy
  3130 | D:4      | Gained mutation: You regenerate health from kills. [demonic
                  | ancestry]
  3130 | D:4      | Reached XP level 7. HP: 33/55 MP: 7/7
  3171 | D:4      | Noticed Blork the orc
  3181 | D:4      | Killed Blork the orc
  3439 | D:4      | Found a shimmering altar of Xom.
  3466 | D:4      | Found a runed translucent door.
  3467 | D:4      | Noticed Crazy Yiuf
  3480 | D:4      | Found Tesut's Antique Armour Boutique.
  3500 | D:4      | Bought a shiny chain mail for 157 gold pieces
  3615 | D:4      | Noticed Pikel
  3675 | D:3      | Killed Pikel
  3676 | D:3      | Reached skill level 5 in Fighting
  3676 | D:3      | Gained mutation: Spells you cast may paralyse adjacent
                  | enemies. [demonic ancestry]
  3676 | D:3      | Reached XP level 8. HP: 55/62 MP: 8/8
  4053 | D:4      | Killed Crazy Yiuf
  4180 | D:5      | Entered Level 5 of the Dungeon
  4306 | D:5      | Reached skill level 5 in Shields
  4554 | D:5      | You fall into a shaft and drop 2 floors!
  4788 | D:7      | Found Juny's Armour Shoppe.
  4905 | D:7      | Noticed Dowan
  4907 | D:7      | Noticed Duvessa
  4921 | D:7      | Killed Duvessa
  4927 | D:7      | Reached skill level 5 in Axes
  4927 | D:7      | Killed Dowan
  4928 | D:7      | Gained mutation: Spells you cast may paralyse nearby
                  | enemies. [demonic ancestry]
  4928 | D:7      | Reached XP level 9. HP: 69/69 MP: 9/9
  5462 | D:5      | Found Axom's Assorted Antiques.
  5465 | D:5      | Bought a glowing broad axe for 154 gold pieces
  5465 | D:5      | Bought a scroll labelled ORUSSA WILA for 22 gold pieces
  5465 | D:5      | Bought a sapphire potion for 19 gold pieces
  5465 | D:5      | Bought a scroll labelled KITRUA LONG for 22 gold pieces
  5465 | D:5      | Bought a scroll labelled RINEG PORGHA for 22 gold pieces
  5465 | D:5      | Bought a sapphire potion for 19 gold pieces
  6060 | D:6      | Found a bloodstained altar of Trog.
  6121 | D:6      | Found a sacrificial altar of Ru.
  6834 | D:7      | Bought a +2 pair of boots of rampaging for 258 gold pieces
  6834 | D:7      | Bought a +0 kite shield for 54 gold pieces
  7043 | D:7      | Found a snail-covered altar of Cheibriados.
  7180 | D:8      | Gained mutation: You regenerate a lot of health from kills.
                  | [demonic ancestry]
  7180 | D:8      | Reached XP level 10. HP: 79/79 MP: 10/10
  7241 | D:8      | Reached skill level 5 in Armour
  7641 | D:9      | Found a stormy altar of Qazlal.
  7744 | D:9      | Noticed a two-headed ogre
  7751 | D:9      | Killed a two-headed ogre
  7914 | D:10     | Entered Level 10 of the Dungeon
  7916 | D:10     | Noticed Erolcha
  7921 | D:10     | Killed Erolcha
  8027 | D:10     | Reached skill level 5 in Evocations
  8219 | D:9      | Found an ancient bone altar of Kikubaaqudgha.
  8232 | D:9      | Identified the +3 chain mail "Qynkof" {Rampage Stlth+}
  8364 | D:10     | Reached XP level 11. HP: 86/86 MP: 11/11
  8387 | D:10     | Noticed a two-headed ogre
  8390 | D:10     | Noticed a two-headed ogre
  8404 | D:10     | Killed a two-headed ogre
  8418 | D:10     | Reached skill level 5 in Dodging
  8428 | D:10     | Killed a two-headed ogre
  8441 | D:10     | Noticed a two-headed ogre
  8449 | D:10     | Killed a two-headed ogre
  8536 | D:10     | Found a staircase to the Lair.
  8858 | D:10     | Found Nyt Ecs's Jewellery Shoppe.
  8864 | D:10     | Bought the ring of Ezezumad {Will+ rCorr Str+4 SInv} for
                  | 602 gold pieces
  9602 | D:12     | Reached skill level 5 in Shapeshifting
  9635 | D:12     | Noticed a two-headed ogre
  9640 | D:12     | Killed a two-headed ogre
  9641 | D:12     | Reached XP level 12. HP: 89/96 MP: 12/12
  9862 | D:12     | Found a staircase to the Orcish Mines.
  9862 | D:12     | Noticed a centaur warrior
  9873 | D:12     | Killed a centaur warrior
 10451 | D:13     | Reached skill level 10 in Fighting
 10927 | D:13     | Found a gate to the Vaults.
 10927 | D:13     | Noticed an ironbound preserver
 10927 | D:13     | Noticed a seven-headed hydra
 11176 | D:7      | Bought the +8 chain mail of the Equinox {rF++ rC+ rCorr
                  | Dex-4} for 878 gold pieces
 11176 | D:7      | Bought the +2 pair of gloves "Muboch" {Str+2} for 308 gold
                  | pieces
 11378 | D:13     | Identified the +7 falchion of Checks and Balances {heavy,
                  | Str+3}
 11396 | D:13     | Killed an ironbound preserver
 11434 | D:13     | Killed a seven-headed hydra
 11559 | D:13     | Noticed an eight-headed hydra
 11573 | D:13     | Killed an eight-headed hydra
 11574 | D:13     | Reached XP level 13. HP: 15/104 MP: 13/13
 11983 | Orc:1    | Entered Level 1 of the Orcish Mines
 12166 | Lair:1   | Entered Level 1 of the Lair of Beasts
 12406 | Lair:1   | Reached skill level 10 in Shields
 13427 | Lair:2   | Reached skill level 10 in Axes
 13825 | Lair:2   | Noticed Fannar
 13851 | Lair:2   | Killed Fannar
 14265 | Lair:2   | Found a staircase to the Swamp.
 14684 | Lair:3   | Found a transporter.
 15191 | Lair:3   | Found a hole to the Spider Nest.
 15306 | Lair:3   | Found a transporter.
 15945 | Lair:4   | Reached XP level 14. HP: 113/113 MP: 14/14
 16858 | Lair:5   | Entered Level 5 of the Lair of Beasts
 16860 | Lair:5   | Found a staircase to the Slime Pits.
 16860 | Lair:5   | Found a viscous altar of Jiyva.
 17652 | Lair:5   | Found a corrupted altar of Lugonu.
 17652 | Lair:5   | Found a one-way gate to the infinite horrors of the Abyss.
 18127 | Orc:2    | Entered Level 2 of the Orcish Mines
 18819 | Orc:2    | Got the Quarto of Reconfiguration
 18881 | Orc:2    | Found a staircase to the Elven Halls.
 18970 | Orc:2    | Reached XP level 15. HP: 122/122 MP: 15/15
 19156 | Orc:2    | Found Medghuch's Jewellery Shoppe.
 19277 | Orc:2    | Found Mukhob's Book Shop.
 19800 | Orc:2    | Found Viyrr's Magic Scroll Boutique.
 19818 | Orc:2    | Bought a scroll of teleportation for 48 gold pieces
 19818 | Orc:2    | Bought a scroll of teleportation for 48 gold pieces
 19818 | Orc:2    | Bought a scroll of identify for 32 gold pieces
 19818 | Orc:2    | Bought a scroll of revelation for 120 gold pieces
 20184 | Orc:2    | Found Yssaehit's General Store.
 20204 | Orc:2    | Bought a potion of enlightenment for 90 gold pieces
 20516 | D:14     | Noticed Roxanne
 20526 | D:14     | Killed Roxanne
 20534 | D:14     | Noticed Josephine
 20544 | D:14     | Killed Josephine
 20612 | D:14     | Noticed Snorg
 20624 | D:14     | Killed Snorg
 20646 | D:14     | Found a hide-covered altar of Uskayaw.
 21407 | D:15     | Entered Level 15 of the Dungeon
 21438 | D:15     | Found a gate leading to a gauntlet.
 21447 | Gauntlet | Entered a Gauntlet
 21447 | Gauntlet | Found a transporter.
 21447 | Gauntlet | Found a transporter.
 21447 | Gauntlet | Found a transporter.
 21451 | Gauntlet | Found a transporter.
 21453 | Gauntlet | Found a large runed translucent door.
 21454 | Gauntlet | Found a large runed translucent door.
 21455 | Gauntlet | Found a large runed translucent door.
 21455 | Gauntlet | Found a large runed translucent door.
 21455 | Gauntlet | Found a runed translucent door.
 21455 | Gauntlet | Found a runed translucent door.
 21456 | Gauntlet | Found a large runed translucent door.
 21456 | Gauntlet | Found a large runed translucent door.
 21456 | Gauntlet | Found a large runed translucent door.
 21456 | Gauntlet | Found a large runed translucent door.
 21457 | Gauntlet | Found a large runed translucent door.
 21457 | Gauntlet | Found a large runed translucent door.
 21458 | Gauntlet | Found a large runed translucent door.
 21458 | Gauntlet | Found a large runed translucent door.
 21459 | Gauntlet | Found a runed translucent gate.
 21459 | Gauntlet | Found a runed translucent gate.
 21459 | Gauntlet | Found a runed translucent gate.
 21461 | Gauntlet | Found a transporter.
 21465 | Gauntlet | Found a transporter.
 21475 | Gauntlet | Found a transporter.
 21507 | Gauntlet | Found a large runed translucent door.
 21507 | Gauntlet | Found a large runed translucent door.
 21510 | Gauntlet | Found a large runed translucent door.
 21510 | Gauntlet | Found a large runed translucent door.
 21562 | Gauntlet | Found a transporter.
 21566 | Gauntlet | Found a transporter.
 21576 | Gauntlet | Found a transporter.
 21580 | Gauntlet | Found a transporter.
 21590 | Gauntlet | Found a transporter.
 21820 | Gauntlet | Identified the +1 pair of boots of Generosity {Int-4 Dex+4}
 22024 | D:15     | Noticed Rupert
 22060 | D:15     | Killed Rupert
 22061 | D:15     | Gained mutation: You have a pair of large horns on your
                  | head. [demonic ancestry]
 22061 | D:15     | Reached XP level 16. HP: 90/131 MP: 16/16
 22659 | D:15     | Found a staircase to the Depths.
 23091 | Elf:1    | Entered Level 1 of the Elven Halls
 23183 | Elf:1    | Found a flickering gateway to a bazaar.
 23192 | Bazaar   | Entered a bazaar
 23196 | Bazaar   | Found Jauc's Armour Shop.
 23207 | Bazaar   | Found Wyedyug's Magic Scroll Shop.
 23212 | Bazaar   | Found Vuicuquc's Jewellery Shop.
 23247 | Bazaar   | Found Camni's Antique Weapon Emporium.
 23277 | Bazaar   | Bought 3 scrolls of identify for 102 gold pieces
 23277 | Bazaar   | Bought a scroll of identify for 34 gold pieces
 23277 | Bazaar   | Bought a scroll of enchant weapon for 127 gold pieces
 23277 | Bazaar   | Bought a scroll of teleportation for 51 gold pieces
 23277 | Bazaar   | Bought a scroll of teleportation for 51 gold pieces
 23277 | Bazaar   | Bought a scroll of teleportation for 51 gold pieces
 23277 | Bazaar   | Bought a scroll of fear for 68 gold pieces
 23277 | Bazaar   | Bought a scroll of teleportation for 51 gold pieces
 23277 | Bazaar   | Bought a scroll of poison for 68 gold pieces
 23284 | Bazaar   | Bought the ring of the Silly Cherry {rPois rN+ Will+ Str+6
                  | Slay+2} for 654 gold pieces
 23288 | Bazaar   | Bought a ring of protection from fire for 250 gold pieces
 23288 | Bazaar   | Identified 2 scrolls of acquirement
 23496 | Elf:1    | Paralysed by an air elemental for 1 turns
 23618 | Elf:1    | Paralysed by an air elemental for 1 turns
 23949 | Elf:1    | Noticed Agnes
 23959 | Elf:1    | Killed Agnes
 24656 | Elf:2    | Reached skill level 10 in Evocations
 24737 | Elf:2    | Found a runed translucent gate.
 24737 | Elf:2    | Found a runed translucent gate.
 24738 | Elf:2    | Found a runed translucent gate.
 25052 | Elf:2    | Bought a pair of runed gloves for 187 gold pieces
 25056 | Elf:2    | Bought a scroll of acquirement for 1352 gold pieces
 25059 | Elf:2    | Bought the +3 warlock's mirror {omnireflect} for 960 gold
                  | pieces
 25059 | Elf:2    | Bought a pair of embroidered gloves for 180 gold pieces
 25059 | Elf:2    | Found the +3 warlock's mirror {omnireflect}
 25242 | Elf:2    | Gained mutation: You are mostly covered in large bone
                  | plates. (SH +6) [demonic ancestry]
 25242 | Elf:2    | Reached XP level 17. HP: 103/140 MP: 4/17
 25711 | Elf:2    | Acquired 1129 gold pieces
 25779 | Elf:3    | Entered Level 3 of the Elven Halls
 26082 | Elf:3    | Reached skill level 10 in Armour
 26281 | Elf:3    | Found Lijitem's Armour Shop.
 26625 | Elf:3    | Found a shimmering blue altar of Sif Muna.
 27324 | Elf:3    | Reached skill level 15 in Fighting
 27443 | Elf:3    | Identified the +0 great sword of Ycicegesh {venom, Dex+3
                  | Stlth+}
 27443 | Elf:3    | Identified the ring "Ewket" {*Slow Will++ rCorr EV+5
                  | Stlth+}
 27470 | Elf:3    | Noticed a deep elf blademaster
 27479 | Elf:3    | Identified the ring of Attitude {Ice +Blink rPois Will+
                  | Stlth-}
 27479 | Elf:3    | Noticed a deep elf master archer
 27492 | Elf:3    | Killed a deep elf master archer
 27501 | Elf:3    | Killed a deep elf blademaster
 27626 | Elf:3    | Identified the staff of World's End {^Fragile Str-3 Conj
                  | Necro Earth}
 27627 | Elf:3    | Identified the +0 leather armour "Jaroemas" {rF+}
 27638 | Elf:3    | Identified the ring "Wiemueck" {Fly rElec rF++}
 27649 | Elf:3    | Identified the +9 rapier of Wrongful Imprisonment {pain,
                  | rPois}
 27668 | Elf:3    | Identified the staff of Cocytus {rPois Int-4 Dex+4 SInv
                  | Earth Alchemy}
 27719 | Elf:3    | Noticed a deep elf blademaster
 27731 | Elf:3    | Killed a deep elf blademaster
 27733 | Elf:3    | Noticed a deep elf master archer
 27740 | Elf:3    | Reached skill level 10 in Dodging
 27983 | Elf:3    | Identified the +9 morningstar "Wuygazub" {holy, Str+2 SInv}
 28091 | Elf:3    | Killed a deep elf master archer
 28588 | Swamp:1  | Entered Level 1 of the Swamp
 29745 | Swamp:2  | Gained mutation: Your presence sometimes corrodes those you
                  | injure. [demonic ancestry]
 29745 | Swamp:2  | Reached XP level 18. HP: 128/149 MP: 13/18
 30201 | Swamp:3  | Noticed Louise
 30544 | Swamp:3  | Killed Louise
 30803 | Swamp:3  | Noticed Mlioglotl
 30830 | Swamp:3  | Killed Mlioglotl
 31024 | Swamp:4  | Entered Level 4 of the Swamp
 31710 | Swamp:4  | Noticed the 27-headed Lernaean hydra
 31841 | Swamp:4  | Killed the 26-headed Lernaean hydra
 32081 | Swamp:4  | Got a decaying rune of Zot
 32723 | Vaults:1 | Entered Level 1 of the Vaults
 33127 | Vaults:1 | Found Hairen's Assorted Antiques.
 33143 | Vaults:1 | Bought a scroll of blinking for 150 gold pieces
 33827 | Vaults:1 | Reached skill level 15 in Shields
 34880 | Vaults:1 | Reached skill level 15 in Axes
 34880 | Vaults:1 | Reached XP level 19. HP: 127/157 MP: 12/19
 35153 | Vaults:2 | Got the Collected Works on Hypothermia
 35299 | Vaults:2 | Got the Tractate on the Productive Anticline
 35569 | Vaults:2 | Found a staircase to the Crypt.
 35831 | Vaults:2 | Found Dogak's Weapon Shoppe.
 36854 | Vaults:2 | Reached skill level 10 in Shapeshifting
 37192 | Vaults:3 | Noticed Margery
 37192 | Vaults:3 | Noticed a hellephant
 37201 | Vaults:3 | Killed Margery
 37204 | Vaults:3 | Killed a hellephant
 37251 | Vaults:3 | Found a crumbling gateway.
 37276 | Desolati | Entered the Desolation of Salt
 37697 | Desolati | Found the +7 hand cannon "Mule" {flame, backblast, rF+}
 37747 | Desolati | Identified the ring "Nesecw" {rElec rF+ Str+4 Dex+6}
 37750 | Desolati | Identified the +7 shortbow "Weofirowk" {freeze, Dex+2}
 37756 | Desolati | Identified the +6 battleaxe "Exoy" {venom, rElec rC+ Str-3}
 37977 | Desolati | Identified the ring of Sutacil {rPois rC+}
 37980 | Desolati | Got the Octavo of Collective Arcane Weapons
 38298 | Desolati | Identified the ring "Rekhoten" {*Slow rCorr Str-5 Int+10
                  | Dex+4}
 38302 | Desolati | Identified the +11 longbow of Keifol {heavy, Str+3 Dex+2}
 38308 | Desolati | Got the Grimoire of the Oath
 39090 | Vaults:3 | Reached XP level 20. HP: 161/168 MP: 15/20
 39327 | Vaults:3 | Paralysed by a formless jellyfish for 1 turns
 39340 | Vaults:3 | Identified the scarf of Kuito {+Inv, +Blink rN+ Str+6
                  | Int-2}
 40409 | Vaults:3 | Identified the +0 chain mail of Creativity {^Drain rF-
                  | rCorr Slay+5}
 40872 | Vaults:4 | Paralysed by a formless jellyfish for 1 turns
 41545 | Vaults:4 | Noticed Norris
 42381 | Vaults:4 | Killed Norris
 43080 | Spider:1 | Entered Level 1 of the Spider Nest
 43088 | Lair:3   | Bought a manual of Shapeshifting for 1520 gold pieces
 43092 | Lair:3   | Bought a scroll of revelation for 127 gold pieces
 43092 | Lair:3   | Bought a scroll of summoning for 161 gold pieces
 43092 | Lair:3   | Bought a scroll of blinking for 127 gold pieces
 43331 | Spider:1 | Gained mutation: You are completely covered in large bone
                  | plates. (SH +8) [demonic ancestry]
 43331 | Spider:1 | Reached XP level 21. HP: 171/176 MP: 0/21
 43689 | Spider:1 | Identified the +0 robe "Gialin" {rElec Int+2}
 44857 | Spider:2 | Identified the serpent talisman of Syoth {Dex+4}
 44857 | Spider:2 | Noticed Aizul
 44865 | Spider:2 | Killed Aizul
 47486 | Lair:3   | Identified the ring of Qomu {AC+4 Str+5}
 47654 | Spider:4 | Entered Level 4 of the Spider Nest
 49225 | Spider:4 | Got a gossamer rune of Zot
 49660 | Depths:1 | Entered Level 1 of the Depths
 49761 | Depths:1 | Gained mutation: Your presence sometimes corrodes or
                  | deforms those you injure. [demonic ancestry]
 49761 | Depths:1 | Reached XP level 22. HP: 186/186 MP: 19/22
 50892 | Depths:1 | Reached skill level 15 in Armour
 51057 | Depths:1 | Found a gateway to Hell.
 51713 | Depths:2 | Found a one-way gateway to a ziggurat.
 52296 | Depths:2 | Found a broken altar of Ashenzari.
 52765 | Depths:2 | Noticed Sojobo
 52779 | Depths:2 | Killed Sojobo
 53341 | Depths:2 | Found a one-way gate leading to the halls of Pandemonium.
 53804 | Depths:3 | Reached XP level 23. HP: 194/194 MP: 0/23
 54204 | Depths:3 | Noticed a caustic shrike
 54214 | Depths:3 | Killed a caustic shrike
 54411 | Depths:3 | Identified the +5 shortbow "Imp's Regret" {heavy, rPois rN+
                  | Str-4}
 55185 | Depths:3 | Noticed a juggernaut
 55205 | Depths:3 | Killed a juggernaut
 55395 | Depths:3 | Identified the +3 leather armour "Ugoonuif" {rC- Regen+
                  | Dex+3}
 55660 | Depths:3 | Got the Directory of Forceful Peregrination
 55804 | Depths:4 | Entered Level 4 of the Depths
 56510 | Depths:4 | Found a gate to the Realm of Zot.
 56523 | Depths:4 | Reached skill level 15 in Shapeshifting
 57428 | Depths:4 | Gained mutation: Your body sometimes deteriorates upon
                  | taking damage. [mutagenic glow]
 57485 | Depths:4 | Lost mutation: Your body sometimes deteriorates upon taking
                  | damage. [potion of mutation]
 57485 | Depths:4 | Gained mutation: You are robust. (+10% HP) [potion of
                  | mutation]
 57485 | Depths:4 | Gained mutation: You possess an exceptional clarity of
                  | mind. [potion of mutation]
 57540 | Depths:4 | Bought a potion of resistance for 200 gold pieces
 57540 | Depths:4 | Bought a potion of heal wounds for 100 gold pieces
 57546 | Depths:4 | Bought a manual of Shields for 1760 gold pieces
 57556 | Depths:4 | Bought a potion of curing for 60 gold pieces
 57556 | Depths:4 | Bought a potion of curing for 60 gold pieces
 57918 | Vaults:5 | Entered Level 5 of the Vaults
 57940 | Vaults:5 | Reached XP level 24. HP: 224/224 MP: 0/23
 58006 | Vaults:5 | Noticed a dread lich
 58038 | Vaults:5 | Killed a dread lich
 58240 | Vaults:5 | Noticed a dread lich
 58250 | Vaults:5 | Killed a dread lich
 58304 | Vaults:5 | Identified the staff of the Usurping Gods {Will+ Summ
                  | Earth}
 59141 | Vaults:5 | Identified the +1 scimitar of Risk Management {venom, rC+}
 59142 | Vaults:5 | Identified the +10 quarterstaff of Conversion {freeze,
                  | rElec Int+3 Stlth+}
 59144 | Vaults:5 | Identified the +8 quarterstaff of the Past {flame, Str+3
                  | SInv Stlth+}
 59155 | Vaults:5 | Identified the +0 ring mail of the Bagpipe {rPois Str-3
                  | SInv}
 59598 | Vaults:5 | Got a silver rune of Zot
 59641 | Vaults:5 | Bought a pair of runed gloves for 367 gold pieces
 59996 | Elf:2    | Bought an ichor-stained plate armour for 700 gold pieces
 59996 | Elf:2    | Identified the +8 plate armour of Uvagamni {Int+5 Stlth+}
                  | (You bought it in a shop on level 2 of the Elven Halls)
 60360 | D:5      | Bought a glowing orb for 264 gold pieces
 60509 | D:9      | Fell from the grace of Gozag
 60509 | D:9      | Became a worshipper of Qazlal Stormbringer
 60675 | Crypt:1  | Entered Level 1 of the Crypt
 60873 | Crypt:1  | Found a basalt altar of Yredelemnul.
 61023 | Crypt:1  | Reached * piety under Qazlal
 61083 | Crypt:1  | Reached skill level 15 in Evocations
 61785 | Crypt:1  | Found a basalt altar of Yredelemnul.
 61935 | Crypt:2  | Noticed Bai Suzhen
 61939 | Crypt:2  | Reached ** piety under Qazlal
 62170 | Crypt:2  | Killed Bai Suzhen
 62241 | Crypt:2  | Reached XP level 25. HP: 234/234 MP: 23/23
 62618 | Crypt:3  | Entered Level 3 of the Crypt
 62754 | Crypt:3  | Reached *** piety under Qazlal
 63006 | Crypt:3  | Found a staircase to the Tomb.
 63153 | Crypt:3  | Identified the +4 rapier of Gloom {flame, *Rage rPois rCorr
                  | Dex+2}
 63317 | Crypt:3  | Noticed a dread lich
 63324 | Crypt:3  | Killed a dread lich
 63347 | Crypt:3  | Reached **** piety under Qazlal
 64180 | Tomb:1   | Entered Level 1 of the Tomb of the Ancients
 64325 | Tomb:1   | Noticed a royal mummy
 64333 | Tomb:1   | Killed a royal mummy
 64410 | Tomb:1   | Reached ***** piety under Qazlal
 65585 | Zot:1    | Entered Level 1 of the Realm of Zot
 66071 | Zot:1    | Noticed a dread lich
 66071 | Zot:1    | Noticed a dread lich
 66076 | Zot:1    | Noticed a dread lich
 66078 | Zot:1    | Killed a dread lich
 66082 | Zot:1    | Killed a dread lich
 66082 | Zot:1    | Noticed a dread lich
 66150 | Zot:1    | Killed a dread lich
 66189 | Zot:1    | Killed a dread lich
 66244 | Zot:1    | Identified the staff "Wippue" {^Contam rPois rF+ Dex+5 SInv
                  | Alchemy}
 66333 | Zot:1    | Found a viscous altar of Jiyva.
 66993 | Zot:2    | Gained mutation: Spells you cast and wands you use may
                  | paralyse nearby enemies. [demonic ancestry]
 66993 | Zot:2    | Reached XP level 26. HP: 246/246 MP: 18/23
 67318 | Zot:2    | Identified the +1 hand cannon of Qazlal's Outrage {heavy,
                  | +Blink rF+ Str+2}
 67788 | Zot:3    | Found Qedoit's CLEARANCE SALE!.
 68701 | Zot:4    | Was forgiven by Gozag
 68739 | Zot:4    | Reached ****** piety under Qazlal
 69267 | Zot:4    | Identified the +1 ring mail of Sin {Int+3}
 69616 | Zot:5    | Entered Level 5 of the Realm of Zot
 69633 | Zot:5    | Reached skill level 15 in Dodging
 70178 | Zot:5    | Noticed an ancient lich
 70179 | Zot:5    | Gained mutation: You occasionally shout uncontrollably at
                  | your foes. [mutagenic glow]
 70183 | Zot:5    | Noticed an orb of fire
 70188 | Zot:5    | Gained mutation: You frequently scream uncontrollably at
                  | your foes. [mutagenic glow]
 70191 | Zot:5    | Killed an ancient lich
 70195 | Zot:5    | Noticed an ancient lich
 70197 | Zot:5    | Gained mutation: Your body sometimes deteriorates upon
                  | taking damage. [an orb of fire]
 70204 | Zot:5    | Killed an orb of fire
 70204 | Zot:5    | Gained mutation: Your health recovers twice as slowly from
                  | being drained. [mutagenic glow]
 70205 | Zot:5    | Killed an ancient lich
 70206 | Zot:5    | Gained mutation: You can speak a Word of Chaos. [demonic
                  | ancestry]
 70206 | Zot:5    | Reached XP level 27. HP: 256/256 MP: 23/23
 70212 | Zot:5    | Gained mutation: You are very robust. (+20% HP) [mutagenic
                  | glow]
 70224 | Zot:5    | Gained mutation: You occasionally lose the ability to drink
                  | potions when taking damage. [mutagenic glow]
 70230 | Zot:5    | Gained mutation: You have hidden genetic defects.
                  | [mutagenic glow]
 70242 | Zot:5    | Lost mutation: Your health recovers twice as slowly from
                  | being drained. [mutagenic glow]
 70256 | Zot:5    | Gained mutation: You sometimes lose the ability to drink
                  | potions when taking damage. [mutagenic glow]
 70334 | Zot:5    | Noticed an orb of fire
 70335 | Zot:5    | Noticed an orb of fire
 70344 | Zot:5    | Killed an orb of fire
 70350 | Zot:5    | Killed an orb of fire
 70366 | Zot:5    | Lost mutation: You possess an exceptional clarity of mind.
                  | [hidden defects]
 70818 | Hell     | Entered the Vestibule of Hell
 70818 | Hell     | Noticed Geryon
 70821 | Hell     | Noticed Murray
 70843 | Depths:4 | Killed Murray
 70982 | Hell     | Killed Geryon
 70988 | Hell     | Gained mutation: Your body often deteriorates upon taking
                  | damage. [hidden defects]
 70988 | Hell     | Lost mutation: You have hidden genetic defects. [hidden
                  | defects expressed]
 71002 | Hell     | Found a gateway to the freezing wastes of Cocytus.
 71024 | Hell     | Found a gateway to the ashen valley of Gehenna.
 71063 | Hell     | Found a gateway to the decaying netherworld of Tartarus.
 71155 | Hell     | Found a gateway to the Iron City of Dis.
 71552 | Slime:1  | Entered Level 1 of the Pits of Slime
 72323 | Slime:3  | Found a viscous altar of Jiyva.
 72568 | Slime:3  | Lost mutation: You are very robust. (+20% HP) [a shining
                  | eye]
 72575 | Slime:3  | Gained mutation: You have hidden genetic defects. [a
                  | shining eye]
 73167 | Slime:5  | Entered Level 5 of the Pits of Slime
 73178 | Slime:5  | Noticed the Royal Jelly
 73188 | Slime:5  | Gained mutation: You are weak. (Str -2) [a shining eye]
 73189 | Slime:5  | Lost mutation: You are robust. (+10% HP) [a shining eye]
 73247 | Slime:5  | Killed the Royal Jelly
 73275 | Slime:5  | Gained mutation: You are vulnerable to heat. (rF-) [a
                  | shining eye]
 73536 | Slime:5  | Got a slimy rune of Zot
 73537 | Slime:5  | Identified the ring "Melee" {rCorr AC+4 Str+5 Dex+3}
 73538 | Slime:5  | Identified the +2 sling of the Pillar {elec, rElec}
 73544 | Slime:5  | Identified the +5 plate armour of the Distant Future {rC+
                  | Str+4}
 73797 | Slime:5  | Lost mutation: You sometimes lose the ability to drink
                  | potions when taking damage. [potion of mutation]
 73797 | Slime:5  | Lost mutation: You are vulnerable to heat. (rF-) [potion of
                  | mutation]
 73797 | Slime:5  | Lost mutation: Your body often deteriorates upon taking
                  | damage. [potion of mutation]
 73797 | Slime:5  | Lost mutation: Your body sometimes deteriorates upon taking
                  | damage. [potion of mutation]
 73798 | Slime:5  | Lost mutation: You frequently scream uncontrollably at your
                  | foes. [potion of mutation]
 73798 | Slime:5  | Lost mutation: You are weak. (Str -2) [potion of mutation]
 73798 | Slime:5  | Lost mutation: You have hidden genetic defects. [potion of
                  | mutation]
 73798 | Slime:5  | Gained mutation: You are vulnerable to heat. (rF-) [potion
                  | of mutation]
 73799 | Slime:5  | Lost mutation: You occasionally shout uncontrollably at
                  | your foes. [potion of mutation]
 73799 | Slime:5  | Lost mutation: You are vulnerable to heat. (rF-) [potion of
                  | mutation]
 73799 | Slime:5  | Lost mutation: You occasionally lose the ability to drink
                  | potions when taking damage. [potion of mutation]
 73799 | Slime:5  | Gained mutation: You passively map a small area around you.
                  | [potion of mutation]
 73799 | Slime:5  | Gained mutation: You are frail. (-10% HP) [potion of
                  | mutation]
 73799 | Slime:5  | Gained mutation: Your magical capacity is low. (-10% MP)
                  | [potion of mutation]
 73799 | Slime:5  | Gained mutation: You passively map the area around you.
                  | [potion of mutation]
 73977 | Lair:5   | Voluntarily entered the Abyss.
 74164 | Abyss:1  | Paralysed by accursed screaming for 1 turns
 74185 | Abyss:1  | Gained mutation: Your body sometimes deteriorates upon
                  | taking damage. [a neqoxec]
 74390 | Abyss:1  | Found a corrupted altar of Lugonu.
 74467 | Abyss:1  | Found a corrupted altar of Lugonu.
 74483 | Abyss:1  | Noticed an ancient lich
 74488 | Abyss:1  | Killed an ancient lich
 74525 | Abyss:1  | Found a corrupted altar of Lugonu.
 74525 | Abyss:1  | Found a corrupted altar of Lugonu.
 74830 | Abyss:1  | Found a corrupted altar of Lugonu.
 74830 | Abyss:1  | Found a corrupted altar of Lugonu.
 74864 | Abyss:1  | Gained mutation: You occasionally lose the ability to drink
                  | potions when taking damage. [a neqoxec]
 74912 | Abyss:1  | Paralysed by accursed screaming for 1 turns
 75333 | Abyss:1  | Paralysed by accursed screaming for 1 turns
 75458 | Abyss:2  | Found a corrupted altar of Lugonu.
 75604 | Abyss:2  | Gained mutation: Armour fits poorly on your strangely
                  | shaped body. [a shining eye]
 75810 | Abyss:2  | Found a corrupted altar of Lugonu.
 76060 | Abyss:2  | Found a corrupted altar of Lugonu.
 76259 | Abyss:2  | Gained mutation: You are weak. (Str -2) [a cacodemon]
 76622 | Abyss:2  | Paralysed by accursed screaming for 2 turns
 76797 | Abyss:2  | Paralysed by accursed screaming for 1 turns
 77149 | Abyss:3  | Paralysed by accursed screaming for 1 turns
 77539 | Abyss:3  | Gained mutation: You sometimes lose your temper in combat.
                  | [a cacodemon]
 77644 | Abyss:3  | Noticed a dread lich
 77660 | Abyss:3  | Killed a dread lich
 77723 | Abyss:3  | Got an abyssal rune of Zot
 78166 | Abyss:3  | Found a corrupted altar of Lugonu.
 78248 | Abyss:3  | Found a corrupted altar of Lugonu.
 78450 | Lair:5   | Escaped the Abyss
 78791 | Depths:2 | Lost mutation: You sometimes lose your temper in combat.
                  | [potion of mutation]
 78791 | Depths:2 | Lost mutation: You passively map the area around you.
                  | [potion of mutation]
 78791 | Depths:2 | Lost mutation: You occasionally lose the ability to drink
                  | potions when taking damage. [potion of mutation]
 78791 | Depths:2 | Lost mutation: You are weak. (Str -2) [potion of mutation]
 78792 | Depths:2 | Lost mutation: You are frail. (-10% HP) [potion of
                  | mutation]
 78792 | Depths:2 | Lost mutation: Your body sometimes deteriorates upon taking
                  | damage. [potion of mutation]
 78792 | Depths:2 | Lost mutation: You passively map a small area around you.
                  | [potion of mutation]
 78792 | Depths:2 | Gained mutation: You are dopey. (Int -2) [potion of
                  | mutation]
 78793 | Depths:2 | Lost mutation: Armour fits poorly on your strangely shaped
                  | body. [potion of mutation]
 78793 | Depths:2 | Lost mutation: You are dopey. (Int -2) [potion of mutation]
 78793 | Depths:2 | Gained mutation: You are strong-willed. (Will+) [potion of
                  | mutation]
 78793 | Depths:2 | Gained mutation: Your spells are a little easier to cast,
                  | but a little less powerful. [potion of mutation]
 78793 | Depths:2 | Gained mutation: You passively map a small area around you.
                  | [potion of mutation]
 78830 | Zig:1    | Entered Level 1 of a ziggurat
 78859 | Zig:2    | Entered Level 2 of a ziggurat
 78882 | Zig:3    | Entered Level 3 of a ziggurat
 78917 | Zig:4    | Entered Level 4 of a ziggurat
 78920 | Zig:4    | Found the +13 scythe of Curses {drain, curses, ^Drain}
 78956 | Zig:4    | Identified the ring of the Harvest {rF+ rC+}
 78972 | Zig:5    | Entered Level 5 of a ziggurat
 79061 | Zig:5    | Identified the +1 crystal plate armour of Aqiebbet {rC-
                  | Regen+ Str+2 Int+3}
 79074 | Zig:6    | Entered Level 6 of a ziggurat
 79109 | Zig:6    | Identified the +6 lajatang of the Desolation of Salt {vamp,
                  | MP+9}
 79118 | Zig:7    | Entered Level 7 of a ziggurat
 79175 | Zig:7    | Identified the +10 plate armour "Mowuiwn" {*Corrode rPois
                  | rN+++ Str-2}
 79184 | Zig:8    | Entered Level 8 of a ziggurat
 79211 | Zig:8    | Found the +8 Vampire's Tooth {megavamp}
 79217 | Zig:8    | Identified the +5 great mace "Foawof" {protect, +Blink
                  | rPois MP-9}
 79221 | Zig:8    | Identified the +9 plate armour of Disguise {rElec Int+4}
 79256 | Zig:9    | Entered Level 9 of a ziggurat
 79286 | Zig:9    | Identified the amulet of Siclull {RegenMP Regen+ Str-3
                  | Dex+3}
 79288 | Zig:9    | Identified the amulet "Maxub" {Acrobat Dex+3}
 79296 | Zig:9    | Identified the +4 shortbow "Ojamic" {elec, Will+ Int+2
                  | SInv}
 79334 | Zig:10   | Entered Level 10 of a ziggurat
 79368 | Zig:10   | Identified the +8 flail of Modesty {protect, rC+ MP+9
                  | Stlth+}
 79371 | Zig:10   | Identified the +5 ring mail of Viotece {rElec rF+}
 79402 | Zig:11   | Entered Level 11 of a ziggurat
 79475 | Zig:11   | Identified the +0 plate armour "Feinad" {rElec}
 79497 | Zig:11   | Identified the +0 ring mail of Macaroni {rF+}
 79511 | Zig:12   | Entered Level 12 of a ziggurat
 79518 | Zig:12   | Noticed an ancient lich
 79518 | Zig:12   | Noticed an ancient lich
 79529 | Zig:12   | Killed an ancient lich
 79542 | Zig:12   | Killed an ancient lich
 79635 | Zig:12   | Acquired the +11 broad axe of Execution {vamp, +Blink rElec
                  | Int+3}
 79641 | Zig:12   | Acquired a manual of Armour
 79673 | Zig:13   | Entered Level 13 of a ziggurat
 79682 | Zig:13   | Noticed Yjuaphux the pandemonium lord
 80261 | Zot:5    | Got the Orb of Zot
 80279 | Zot:4    | Noticed Vusmejec the pandemonium lord
 80427 | Depths:1 | Noticed a seraph
 80434 | Depths:1 | Killed a seraph
 80614 | D:15     | Noticed Uluken the pandemonium lord
 80705 | D:10     | Noticed Epacvy the pandemonium lord
 80741 | D:8      | Noticed Gasyv the pandemonium lord
 80992 | D:$      | Escaped with the Orb!

Illustrated notes

Levels and vault maps discovered:
D:1:      dpeg_arrival_renting, layout_loops_corners, minmay_tromino_v2
D:2:      layout_loops_ring, basic_ecumenical_altar, due_unseen_surprise
D:3:      layout_loops_corners, kennysheep_generic_room_7
D:4:      minmay_angry_zag, layout_cave_pools, kennysheep_mini_moat,
          minmay_temple_entry_slanted, serial_rivers,
          chequers_serial_rivers_large_a, chequers_serial_rivers_room_a,
          chequers_serial_rivers_micro_b, chequers_serial_rivers_small_b,
          chequers_serial_rivers_room_b, chequers_serial_rivers_small_b,
          serial_shops, shop, minivault_11, serial_bayou_lagoon_a,
          nicolae_half_adder, uniq_crazy_yiuf_cottage, uniq_blork_the_orc,
          uniq_edmund, uniq_pikel
D:5:      layout_layer_cave, serial_shops, nicolae_shop_real_fake_doors,
          due_unseen_surprise
D:6:      layout_layer_cave, nicolae_ru_sacrificial_ziggurat, kennysheep_mini,
          amcnicky_mini_corridor_feature, minmay_misc_feat_enclosed,
          hangedman_minor_gate_pass
D:7:      dreamdust_elfheim, layout_loops_ring, general_overflow_altar,
          nicolae_inconvenience_store, the_hattery
D:8:      layout_gridville
D:9:      layout_long_grid, mainiacjoe_overflow_chevrons,
          nicolae_qazlal_style_of_elements
D:10:     layout_loops_ring, hellmonk_lair_entry_icy, serial_shops,
          nicolae_stop_n_shop_2, nicolae_water_bricks, uniq_erolcha
D:11:     layout_cave_pools
D:12:     layout_loops_ring, david_orc_2, chequers_serial_rivers_micro_a,
          nicolae_straight_to_the_point
D:13:     layout_basic, skrybe_vaults_entry_preservation
D:14:     minmay_s_stair_smasher, layout_gridville, nicolae_uskayaw_suspiria,
          uniq_snorg, uniq_josephine, uniq_roxanne
D:15:     gammafunk_enter_depths_forms, layout_cave_pods,
          gauntlet_entry_generic, uniq_rupert
Temple:   nicolae_temple_x_marks_the_god
Lair:1:   layout_regular_city, st_stairs_5, lemuel_fruit_tree,
          lemuel_fruit_fields, infiniplex_staircase_pool_2, grunt_megastairs_3
Lair:2:   layout_gridlike, minmay_swamp_entry_worms, uniq_fannar
Lair:3:   gammafunk_worm_tunnel, layout_cave_pods, spider_nest_entry_funnel_web
Lair:4:   layout_cave_pods, serial_bayou_pond_a, chequers_serial_rivers_small_3,
          kennysheep_rathole, grunt_megastairs_2, serial_bayou_shore_b,
          serial_bayou_shore_a
Lair:5:   hellmonk_lair_end_abyssal_woods, layout_long_grid,
          minmay_slime_entry_pillars
Swamp:1:  layout_basic_swamp, evilmike_swamp_ruin_house_6
Swamp:2:  layout_basic_swamp, evilmike_swamp_ruin_house_5
Swamp:3:  layout_falls_marsh, evilmike_swamp_ruin_rubble_1, uniq_louise,
          uniq_mlioglotl
Swamp:4:  swamp_old_school, layout_basic_swamp, nicolae_swamp_trees_clearing,
          swamp_pool_5
Spider:1: layout_spider_delve, drop_trap
Spider:2: layout_cave_pods, drop_trap, uniq_aizul
Spider:3: layout_spider_delve, spiders_nest_hornet_nest
Spider:4: grunt_spider_rune_circles
Slime:1:  layout_caves
Slime:2:  layout_caves
Slime:3:  layout_caves, basic_altar
Slime:4:  layout_caves
Slime:5:  slime_pit_nicolae_inversion
Orc:1:    layout_caves
Orc:2:    pubby_orc_utopia
Elf:1:    elf_arrival_001, layout_geoelf_grid, serial_shops, freezing_bzr,
          evilmike_minifort, uniq_agnes
Elf:2:    elven_hall_of_blades_hangedman_original
          [nicolae_blade_entry_pointy_end], layout_geoelf_diagonals
Elf:3:    elf_hall_gauntlet_wide, layout_geoelf_castle, basic_altar,
          serial_shops, nicolae_shop_tiny_statue_garden,
          serial_library_hellmonk_filled_rooms, dk_noncrumbling_4, hex_tiny
Vaults:1: nicolae_vaults_door_testing_chamber, nicolae_vaults_c_with_doors,
          vaults_room_fancy_cross, nicolae_vaults_closet_pinwheel_5,
          nicolae_vaults_stepped_doors, nicolae_vaults_tetromino_L_1,
          nicolae_vaults_tetromino_Z_1, vaults_mumra_chevron_long,
          nicolae_vaults_circle_grid_a, nicolae_vaults_tetromino_Z_1,
          nicolae_vaults_frosty_reception, vaults_dpeg_cross,
          layout_vaults_omnicross, serial_shops, nicolae_shop_hallway_stairs
Vaults:2: hangedman_vaults_trim, minmay_crypt_entry_simple_corners, v_misc_24,
          nicolae_vaults_border_crossing, nicolae_vaults_library_corner,
          nicolae_vaults_closet_pinwheel_6, nicolae_vaults_yaktaur_gun_rack,
          layout_vaults_omnigrid, serial_shops, shop
Vaults:3: portal_desolation_entry_nicolae_slug, v_misc_2,
          hangedman_vaults_river_flow, nicolae_vaults_mush_room,
          nicolae_vaults_more_shelving_1, ontoclasm_vaults_eye,
          grunt_vaults_funnel, nicolae_vaults_house_2, layout_vaults_big_room,
          uniq_margery
Vaults:4: nicolae_vaults_tetromino_L_1, v_misc_23, vaults_mumra_chevron,
          nicolae_vaults_tetromino_Z_1, ontoclasm_vaults_ligature,
          ontoclasm_vaults_pinch, v_misc_26, nicolae_vaults_what_the_h,
          v_pattern_1, nicolae_vaults_quartermaster, grunt_vaults_diagonal,
          layout_vaults_maze_bifur, uniq_norris
Vaults:5
Crypt:1:  layout_gridlike, basic_altar, minmay_misc_feat_pillars,
          lemuel_upstairs_altar, grunt_crypt_arrival_split
Crypt:2:  layout_basic, grunt_megastairs_4, uniq_bai_suzhen
Crypt:3:  due_elkab, layout_chaotic_city
Tomb:1
Depths:1: layout_gridlike, grunt_metal_band, serial_rivers,
          chequers_serial_rivers_micro_d, chequers_serial_rivers_small_b,
          chequers_serial_rivers_marsh, chequers_serial_rivers_small_3,
          chequers_serial_rivers_micro_a, chequers_serial_rivers_micro_e,
          kennysheep_generic_room_10
Depths:2: hangedman_screamer, layout_gridlike, enter_ziggurat_a, hell_entry,
          nicolae_abyss_entry_one_way_or_another, nicolae_ashenzari_skybound,
          pan_entry, kennysheep_path_1, kennysheep_generic_room_5, uniq_sojobo
Depths:3: hangedman_pleasuredromes, serial_shops, hell_entry, abyss_entry
Depths:4: grunt_x_marks_the_spot, layout_cave_pools, abyss_entry,
          grunt_hell_entry_dis_old, serial_library_hellmonk_big_corner,
          grunt_pan_entry_spiral, serial_library_hellmonk_angled_corner
Hell
Zot:1:    hellmonk_paralyzer, layout_concentric_octagons,
          regret_index_zotdec_slimy_original
Zot:2:    layout_twisted_circle
Zot:3:    layout_cathedral_of_symmetry, nicolae_shop_clearance
Zot:4:    layout_concentric_octagons, regret_index_zotdec_magical_s
Zot:5:    layout_cathedral_of_symmetry

Skill      XL: |  1  2  3  4  5  6  7  8  9 10 11 12 13 14 15 16 17 18 19 20 21 22 23 24 25 26 27 |
---------------+----------------------------------------------------------------------------------+-----
Axes           | 2 3 4 5 6 7 8 9 10 11 12 13 14 15 16 17 18 19 20 25 | 25.2
Shields        | 3 4 5 6 7 8 9 10 11 12 13 14 15 16 17 18 20 21 22 25 | 25.5
Dodging        | 1 2 3 4 5 6 7 8 9 10 11 12 13 14 15 17 | 17.7
Evocations     | 1 2 3 4 5 6 7 8 9 10 11 12 13 14 15 16 19 | 19.0
Armour         | 3 4 5 6 7 8 9 10 11 12 13 14 15 16 17 19 | 19.9
Shapeshifting  | 1 2 3 4 5 6 7 8 9 10 12 13 15 16 17 21 | 21.2
Fighting       | 4 5 6 7 8 9 10 11 12 13 14 15 16 17 18 19 20 21 22 25 | 25.9

Action                     |  1- 3 |  4- 6 |  7- 9 | 10-12 | 13-15 | 16-18 | 19-21 | 22-24 | 25-27 || total
---------------------------+-------+-------+-------+-------+-------+-------+-------+-------+-------++-------
  Melee: War axe           |   116 |    83 |   202 |       |       |       |       |       |       ||   401
         Headbutt          |     7 |    17 |    54 |    84 |   219 |   236 |   339 |   390 |   836 ||  2182
         Flail             |       |       |    18 |    17 |    32 |    46 |       |       |       ||   113
         Broad axe         |       |       |    95 |   436 |  1070 |  1023 |  1348 |  1393 |  3080 ||  8445
  Throw: Dart              |       |       |       |     1 |     3 |     1 |       |       |     2 ||     7
 Invoke: Call Merchant     |       |       |       |       |       |     3 |     4 |     4 |       ||    11
  Evoke: Wand              |       |       |       |     7 |    18 |    18 |     6 |       |     3 ||    52
         Phial of floods   |       |       |       |       |     1 |     2 |       |     1 |       ||     4
         Lightning rod     |       |       |       |       |     8 |     8 |     4 |     4 |     4 ||    28
         Sack of spiders   |       |       |       |       |     2 |     3 |     1 |       |     4 ||    10
         Phantom mirror    |       |       |       |       |       |       |     1 |       |     3 ||     4
         Horn of Geryon    |       |       |       |       |       |       |       |       |     2 ||     2
    Use: Potion            |       |     2 |       |       |     1 |       |     4 |     9 |    15 ||    31
         Scroll            |       |       |     9 |     5 |    16 |    27 |     6 |     5 |    27 ||    95
   Stab: Distracted        |       |       |     1 |     4 |     4 |     4 |    10 |     8 |     1 ||    32
         Petrified         |       |       |       |       |     9 |       |       |       |       ||     9
         Invisible         |       |       |       |       |       |     1 |       |     7 |       ||     8
         Paralysed         |       |       |       |       |       |     2 |       |       |       ||     2
         Confused          |       |       |       |       |       |     1 |       |     1 |       ||     2
         Betrayed ally     |       |       |       |       |       |     1 |       |       |       ||     1
         Held in net/web   |       |       |       |       |       |       |       |       |     1 ||     1
 Armour: Scale mail        |    32 |       |       |       |       |       |       |       |       ||    32
         Plate armour      |    57 |    96 |    19 |       |       |       |       |       |       ||   172
         Chain mail        |       |       |   179 |   465 |  1037 |   749 |   645 |   574 |       ||  3649
         Skin              |       |       |       |       |       |       |       |   237 |  1960 ||  2197
  Dodge: Dodged            |    40 |    29 |   190 |   260 |   442 |   326 |   346 |   436 |  1867 ||  3936
         Repelled          |       |       |       |       |       |       |       |       |    49 ||    49
  Block: Buckler           |    15 |    25 |   177 |       |       |   600 |  1035 |  1204 |  4325 ||  7381
         Kite shield       |       |       |     6 |   486 |   999 |   164 |       |       |       ||  1655
         Reflection        |       |       |       |       |       |    75 |    75 |    83 |   440 ||   673
   Form: Statue            |       |       |       |       |       |       |       |     1 |       ||     1

Table legend: (Time is in decaauts)
 A = Elapsed time spent in this place.
 B = Non-inter-level travel time spent in this place.
 C = Inter-level travel time spent in this place.
 D = Time resting spent in this place.
 E = Time spent auto-exploring this place.
 F = Levels seen in this place.
 G = Mean time per level.
                   A        B        C        D        E       F      G
               +--------+--------+--------+--------+--------+-----+--------+
         Total |  90211 |  78732 |  11479 |   4462 |  52860 |  77 | 1171.6 |
       Dungeon |  17222 |  13687 |   3535 |    612 |   9619 |  15 | 1148.1 |
        Temple |     16 |     16 |      0 |      0 |      0 |   1 |   16.0 |
          Lair |   7233 |   5782 |   1451 |    312 |   4268 |   5 | 1446.6 |
         Swamp |   4097 |   3873 |    224 |    328 |   2814 |   4 | 1024.2 |
   Spider Nest |   5318 |   5052 |    266 |      0 |   4251 |   4 | 1329.5 |
    Slime Pits |   3442 |   3122 |    320 |     46 |   2505 |   5 |  688.4 |
  Orcish Mines |   2889 |   2424 |    465 |    200 |   1485 |   2 | 1444.5 |
   Elven Halls |   5362 |   4302 |   1060 |    435 |   2391 |   3 | 1787.3 |
        Vaults |  10928 |  10035 |    893 |    853 |   7311 |   5 | 2185.6 |
         Crypt |   5113 |   4593 |    520 |    399 |   3106 |   3 | 1704.3 |
          Tomb |   1532 |    800 |    732 |      7 |    438 |   1 | 1532.0 |
        Depths |   9283 |   8392 |    891 |   1128 |   5877 |   4 | 2320.8 |
          Hell |    449 |    439 |     10 |      0 |    346 |   1 |  449.0 |
           Zot |   7994 |   6886 |   1108 |     60 |   5539 |   5 | 1598.8 |
         Abyss |   6023 |   6023 |      0 |     43 |   1412 |   3 | 2007.7 |
      Ziggurat |   1235 |   1235 |      0 |      0 |    375 |  13 |   95.0 |
        Bazaar |    178 |    178 |      0 |      0 |     57 |   1 |  178.0 |
    Desolation |   1393 |   1393 |      0 |      0 |    878 |   1 | 1393.0 |
      Gauntlet |    495 |    495 |      0 |     37 |    183 |   1 |  495.0 |
               +--------+--------+--------+--------+--------+-----+--------+

Top non-repeatable levels by time:
Depths:2: 2777 daAuts
   Elf:3: 2549 daAuts
Vaults:1: 2540 daAuts
Vaults:2: 2429 daAuts
 Crypt:3: 2323 daAuts
Depths:1: 2298 daAuts
 Abyss:2: 2245 daAuts
   Orc:2: 2239 daAuts
Vaults:3: 2233 daAuts
Depths:4: 2154 daAuts
   Zot:1: 2093 daAuts
Depths:3: 2053 daAuts
Vaults:4: 2047 daAuts
 Abyss:1: 1992 daAuts
 Abyss:3: 1785 daAuts
